 Dungeon Crawl Stone Soup version 0.24.0-28-g17ded55e90 (webtiles) character file.

Game seed: 17226185340042652252, levelgen mode: deterministic

2 twino the Magician (level 1, 0/11 HPs)
             Began as an Octopode Wizard on Nov 11, 2019.
             Slain by a hobgoblin
             ... wielding a +0 club
              (4 damage)
             ... on level 1 of the Dungeon.
             The game lasted 00:02:36 (236 turns).

twino the Magician (Octopode Wizard)                 Turns: 236, Time: 00:02:36

Health: 0/11       AC:  1    Str:  6    XL:     1   Next: 30%
Magic:  4/4        EV: 13    Int: 20    God:
Gold:   19         SH:  0    Dex: 10    Spells: 5/6 levels left

rFire    . . .     SeeInvis .   (no weapon)
rCold    . . .     Gourm    .   (no shield)
rNeg     . . .     Faith    .   a - +0 hat
rPois    .         Spirit   .   (no amulet)
rElec    .         Reflect  .   (no ring)
rCorr    .         Harm     .   (no ring)
MR       .....                  (no ring)
Stlth    +++.......             (no ring)
HPRegen  0.03/turn              (no ring)
MPRegen  0.09/turn              (no ring)
                                (no ring)
                                (no ring)

@: no status effects
A: almost no armour, stealthy swim, amphibious, 8 rings, constrict 8, camouflage
1, gelatinous body 1
a: no special abilities


You were on level 1 of the Dungeon.
You were not hungry.

You visited 1 branch of the dungeon, and saw 1 of its levels.

You collected 19 gold pieces.

Inventory:

Armour
 a - a +0 hat (worn)
Scrolls
 d - a scroll of immolation {unknown}
 e - a scroll of fear {unknown}
 g - a scroll of enchant weapon {unknown}
Potions
 b - a potion of lignification {unknown}
Comestibles
 c - 2 rations
 f - a chunk of flesh


   Skills:
 + Level 2.0 Dodging
 + Level 3.0 Stealth
 + Level 3.0 Spellcasting
 + Level 1.0 Conjurations
   Level 1.0 Summonings
   Level 1.0 Translocations


You had 5 spell levels left.
You knew the following spells:

 Your Spells              Type           Power        Failure   Level  Hunger
a - Magic Dart            Conj           #...         10%         1    None

Your spell library contained the following spells:

 Spells                   Type           Power        Failure   Level  Hunger
 Blink                    Tloc           N/A          14%         2    ##.....
 Call Imp                 Summ           #.......     14%         2    ##.....
 Slow                     Hex            #.......     22%         2    ##.....
 Conjure Flame            Conj/Fire      #.......     34%         3    ###....
 Mephitic Cloud           Conj/Pois/Air  #.......     36%         3    ###....


Dungeon Overview and Level Annotations

Branches:
Dungeon (1/15)

Altars:


Innate Abilities, Weirdness & Mutations

You cannot wear most types of armour.
You are very stealthy in the water. (Stealth+)
You are amphibious.
You can wear up to eight rings at the same time.
You can use your tentacles to constrict eight enemies at once.
Your skin changes colour to match your surroundings (Stealth+).
Your rubbery body absorbs attacks. (AC +1, EV +1)


Message History

You constrict the rat.
You kill the rat!
Your Stealth skill increases to level 3!
You see here a rat corpse.
Found a black potion and a ration.
Found a ring mail.
g - a scroll labeled WIEBON SYLALL A frilled lizard and a hobgoblin come into view.
Found 20 stones.
You see here a black potion.
You see here a ration.
You see here a black potion.
The frilled lizard hisses angrily.
Found a ring mail and a viscous dark potion.
The frilled lizard bites you.
The hobgoblin shouts!
The frilled lizard closely misses you. The hobgoblin hits you with a +0 club.
The frilled lizard misses you. The hobgoblin hits you with a +0 club.
You die...

...(...... ##..l##..#
#..... !.#
.....###.####
#..........
...###%!....#######.
...............[...[.
##............######
#...........#l@g.#
.####
#...........#.##.# ....
#...........#.##.# #..
#.............##.# #.#
##########.##.##.####.#
#######.##.........#
...................#
###.#.#†##.##.#.##.#
P.P...
#.#.##.##.#.##.#.


P.PP.P You could see a hobgoblin and a frilled lizard.

Vanquished Creatures
  A kobold (D:1)
  2 rats (D:1)
3 creatures vanquished.

Notes
Turn   | Place    | Note
-------+----------+-------------------------------------------
     0 | D:1      | twino the Octopode Wizard began the quest for the Orb.
     0 | D:1      | Reached XP level 1. HP: 11/11 MP: 4/4
   236 | D:1      | Slain by a hobgoblin

Levels and vault maps discovered:
D:1:      minmay_arrival_arboretum_small, layout_basic

Skill      XL: |  1 |
---------------+----+-----
Stealth        | 3 |  3.0
Dodging        | |  2.0
Spellcasting   | |  3.0
Conjurations   | |  1.0
Summonings     | |  1.0
Translocations | |  1.0

Action                   || total
-------------------------++-------
Melee: Unarmed           ||     1
       Constrict         ||     1
 Cast: Magic Dart        ||     3
 Stab: Sleeping          ||     1
Dodge: Dodged            ||     3
